 Dungeon Crawl Stone Soup version 0.19.1 (webtiles) character file.

20499 Gargo the Thaumaturge (level 12, -4/72 HPs)
             Began as a Gargoyle Earth Elementalist on Dec 10, 2016.
             Was a Priest of Vehumet.
             Slain by an elephant (14 damage)
             ... on level 5 of the Lair of Beasts.
             The game lasted 01:20:21 (15901 turns).

Gargo the Thaumaturge (GrEE)                       Turns: 15901, Time: 01:20:21

Health: -4/72      AC: 16    Str: 15    XL:     12   Next: 80%
Magic:  7/26       EV: 14    Int: 24    God:    Vehumet [***...]
Gold:   313        SH: 11    Dex: 13    Spells: 4 memorised, 21 levels left

rFire  . . .     SeeInvis .     b - 50 stones
rCold  + . .     Gourm    .     F - +3 leather armour {rC+}
rNeg   + . .     Faith    .     t - +0 buckler
rPois  ∞         Spirit   .     G - +0 helmet
rElec  +         Reflect  +     (no cloak)
rCorr  .         Harm     .     (no gloves)
MR     .....                    (no boots)
Stlth  ++........               x - +6 amulet of reflection
                                o - ring "Ravoogor" {rPois Str+2 Int+4}
                                A - +3 ring of dexterity

@: flying, very slightly contaminated, hasted, very quick
A: negative energy resistance 1, electricity resistance, unbreathing,
petrification resistance, rot immunity, AC +8
a: Renounce Religion


You were on level 5 of the Lair of Beasts.
You worshipped Vehumet.
Vehumet was most pleased with you.
You were hungry.

You visited 3 branches of the dungeon, and saw 17 of its levels.
You also visited: Sewer.

You collected 665 gold pieces.
You spent 352 gold pieces at shops.

Inventory:

Hand Weapons
 a - a +4 hand axe
 d - a +0 blowgun
 E - a +0 whip
Missiles
 b - 50 stones (in hand)
 q - 34 poisoned needles
Armour
 k - a +0 leather armour of fire resistance
 m - a +0 shield
 t - a +0 buckler (worn)
 F - a +3 leather armour of cold resistance (worn)
 G - a +0 helmet (worn)
Magical Staves
 f - an uncursed staff of air
Jewellery
 h - an uncursed ring of stealth
 o - the ring "Ravoogor" (right hand) {rPois Str+2 Int+4}
   (You bought it in a shop on level 8 of the Dungeon)

   [ring of strength]

   It affects your strength (+2).
   It affects your intelligence (+4).
   It protects you from poison.
 x - a +6 amulet of reflection (around neck)
 A - a +3 ring of dexterity (left hand)
Wands
 i - a wand of flame (6/48)
 l - a wand of lightning (0/15)
 y - a wand of slowing (22/48)
Scrolls
 e - 2 scrolls of remove curse
 j - a scroll of fear
 p - 5 scrolls of identify
 v - 3 scrolls of teleportation
 B - a scroll of magic mapping
 D - a scroll of fog {unknown}
Potions
 c - 2 potions of brilliance
 g - a potion of haste
 r - 2 potions of flight
 s - a potion of magic {unknown}
 w - 2 potions of mutation
 z - a potion of ambrosia {unknown}
 C - a potion of beneficial mutation {unknown}
 O - 6 potions of curing
Books
 I - a book of Necromancy

   Spells                             Type                      Level
   a - Pain                           Necromancy                   1
   b - Animate Skeleton               Necromancy                   1
   c - Vampiric Draining              Necromancy                   3
   d - Regeneration                   Charms/Necromancy            3
   e - Animate Dead                   Necromancy                   4
   f - Control Undead                 Necromancy                   4
Comestibles
 u - 3 meat rations
 H - 3 fruits


   Skills:
 + Level 7.0 Fighting
 + Level 6.2 Maces & Flails
 + Level 4.8 Armour
 + Level 5.6 Dodging
 - Level 3.0 Stealth
 - Level 5.0 Shields
 * Level 10.4 Spellcasting
 + Level 8.0 Conjurations
   Level 0.7 Transmutations
 + Level 4.2 Fire Magic
 + Level 9.6 Earth Magic
 + Level 3.5 Evocations


You had 21 spell levels left.
You knew the following spells:

 Your Spells              Type           Power        Failure   Level  Hunger
a - Sandblast             Erth           ######       1%          1    None
b - Lee's Rapid Deconstr  Erth           ######....   1%          5    ####...
e - Flame Tongue          Conj/Fire      #####        1%          1    None
A - Stone Arrow           Conj/Erth      ######       1%          3    None


Dungeon Overview and Level Annotations

Branches:
Dungeon (10/15)            Temple (1/1) D:7            Lair (6/6) D:9
  Swamp (0/4) Lair:2       Spider (0/4) Lair:2        Slime (0/5) Lair:5
    Orc (0/2) D:9

Altars:
Ashenzari
Cheibriados
Fedhas
Gozag
Makhleb
Nemelex Xobeh
Qazlal
Ru
Sif Muna
Trog
Uskayaw
Vehumet
Xom
Yredelemnul
The Shining One

Shops:
D:5 %   D:6 =   D:7 }   D:8 ([(=   D:9 (

Annotations:
Lair:5 exclusion: oklob plant


Innate Abilities, Weirdness & Mutations

You are resistant to torment.
Your stone body is resilient. (AC +8)
You are immune to poison.
You resist negative energy. (rN+)
You are resistant to electric shocks. (rElec)
You can survive without breathing.
You are immune to petrification.
You are immune to rotting.


Message History

The wall burns the elephant!
You are splashed with acid!
The wall burns you!
* * * LOW HITPOINT WARNING * * *
The wall burns the elephant! x2
The wall burns the elephant! x3
The wall burns the elephant!
The wall burns the elephant! x3
The wall burns the elephant! x2
The wall burns the elephant! x2
Okay, then.
Blink to where?
Press: ? - help, Dir - move target cursor, p - elephant You are very lightly contaminated with residual magic.
As you read the scroll of blinking, it crumbles to dust.
An elephant comes into view.
You feel better.
The wall burns the elephant!
The elephant barely misses you. You block the elephant's attack.
You feel yourself speed up.
The wall burns the elephant! x2
The elephant tramples you!
You die...

##....######.
######............
#........Y........
##......J.P.Y#####
#.........Y.†#.#####
# .......Y....Y.#.#.#
#.#......#..Y......[.
#..........#........
#.@...?.......†....
#..Y................
#....#...>...#.......
###..................
#..................
#...#.....#........
P......#........#..
##...............##
..............


You could see 4 elephants and a slime creature.

Vanquished Creatures
  3 hydras
  2 black mambas
  8 elephants
  8 spiny frogs
  A polar bear (Lair:2)
  A hornet (D:9)
  A tyrant leech (Lair:2)
  3 hippogriffs
  Prince Ribbit (D:5)
  11 blink frogs
  A tarantella (Lair:2)
  A wyvern (Lair:2)
  22 yaks
  A basilisk (Lair:2)
  A fire elemental (Lair:3)
  2 hungry ghosts (D:9)
  Menkaure (D:7)
  A swamp worm (Lair:2)
  7 water moccasins
  4 porcupines
  The ghost of Idleism the Chucker, an amateur OgHu (D:3)
  3 orc warriors
  2 sky beasts
  3 phantoms
  4 black bears
  An ogre (D:4)
  3 wolves (Lair:3)
  5 crocodiles
  8 bullfrogs
  A big kobold (D:7)
  The ghost of azzavlup the Cutter, an amateur VSAr (Sewer)
  6 killer bees
  2 scorpions
  2 howler monkeys (D:9)
  3 crimson imps
  A centaur zombie (D:5)
  3 hounds
  3 jellies (Lair:5)
  2 orc priests (D:3)
  3 bullfrog skeletons
  A centaur skeleton (D:5)
  3 orc wizards
  3 iguanas
  7 worker ants
  A killer bee zombie (D:7)
  A hound skeleton (D:5)
  A worker ant zombie (D:5)
  14 adders
  A river rat (D:6)
  5 shadow imps
  17 oozes
  An adder skeleton (D:6)
  2 worms
  3 dart slugs
  11 leopard geckos
  34 orcs
  9 ball pythons
  14 giant cockroaches
  9 hobgoblins
  12 jackals
  4 quokkas
  9 bats
  15 frilled lizards
  7 goblins
  2 hobgoblin zombies (D:4)
  17 kobolds
  2 kobold skeletons (D:4)
  A kobold zombie (D:4)
  An orc skeleton (D:4)
  An orc zombie (D:4)
  A quokka skeleton (D:4)
  7 rats
353 creatures vanquished.

Vanquished Creatures (others)
  11 fungi
  5 plants
16 creatures vanquished.

Grand Total: 369 creatures vanquished

Notes
Turn   | Place    | Note
-------+----------+-------------------------------------------
     0 | D:1      | Gargo the Gargoyle Earth Elementalist began the quest for the Orb.
     0 | D:1      | Reached XP level 1. HP: 10/10 MP: 3/3
   289 | D:1      | Reached XP level 2. HP: 15/15 MP: 5/5
   901 | D:2      | Reached XP level 3. HP: 19/19 MP: 2/7
   906 | D:2      | Learned a level 3 spell: Stone Arrow
  1121 | D:2      | Reached skill level 3 in Spellcasting
  1501 | D:2      | Reached XP level 4. HP: 24/24 MP: 3/8
  1898 | D:3      | Reached skill level 1 in Conjurations
  1929 | D:3      | Noticed Idleism's ghost (amateur OgHu)
  2544 | D:3      | Noticed a sky beast
  2634 | D:3      | Killed a sky beast
  2634 | D:3      | Reached skill level 4 in Spellcasting
  2634 | D:3      | Reached XP level 5. HP: 5/28 MP: 0/11
  2895 | D:4      | Reached skill level 5 in Earth Magic
  2897 | D:4      | Reached XP level 6. HP: 16/32 MP: 1/12
  3052 | D:5      | Entered Level 5 of the Dungeon
  3341 | D:3      | Killed Idleism's ghost
  3676 | D:3      | Found a deep blue altar of Sif Muna.
  3676 | D:3      | Found a bloodstained altar of Trog.
  3676 | D:3      | Found a sacrificial altar of Ru.
  3707 | D:3      | Reached skill level 5 in Spellcasting
  3840 | D:3      | Reached XP level 7. HP: 36/36 MP: 10/14
  3970 | D:3      | Learned a level 5 spell: Lee's Rapid Deconstruction
  4820 | D:4      | Reached skill level 6 in Spellcasting
  4845 | D:4      | Found a glowing golden altar of the Shining One.
  4877 | D:5      | Reached XP level 8. HP: 40/42 MP: 0/17
  5033 | D:4      | Reached skill level 1 in Fighting
  5166 | D:4      | Found a shimmering altar of Xom.
  5499 | D:6      | Found a glowing drain.
  5525 | Sewer    | Entered a sewer
  5994 | Sewer    | Noticed azzavlup's ghost (amateur VSAr)
  6226 | Sewer    | Killed azzavlup's ghost
  6226 | Sewer    | Reached skill level 1 in Maces & Flails
  6274 | Sewer    | Reached skill level 1 in Armour
  6441 | D:5      | Found Gaempapa's Food Boutique.
  6872 | D:5      | Found a blossoming altar of Fedhas.
  7025 | D:5      | Noticed Prince Ribbit
  7032 | D:5      | Killed Prince Ribbit
  7032 | D:5      | Reached skill level 5 in Conjurations
  7032 | D:5      | Reached XP level 9. HP: 32/49 MP: 7/19
  7280 | D:6      | Found a shattered altar of Ashenzari.
  7395 | D:6      | Reached skill level 7 in Spellcasting
  7474 | D:6      | Found Hubrol's Jewellery Shop.
  7736 | D:7      | Found Siasa's Gadget Shoppe.
  7979 | D:8      | Found Engairel's Jewellery Boutique.
  8068 | D:7      | Found a staircase to the Ecumenical Temple.
  8077 | Temple   | Entered the Ecumenical Temple
  8095 | Temple   | Became a worshipper of Vehumet
  8771 | D:7      | Noticed Menkaure
  8776 | D:7      | Killed Menkaure
  8945 | D:8      | Found Fimmelez's Antique Weapon Emporium.
  9158 | D:8      | Found Koobriex's Antique Armour Boutique.
  9161 | D:8      | Found Oxan's Antique Weapon Shoppe.
  9178 | D:8      | Reached * piety under Vehumet
  9178 | D:8      | Offered knowledge of Shock by Vehumet.
  9719 | D:8      | Bought the ring "Ravoogor" {rPois Str+2 Int+4} for 352 gold pieces
  9850 | D:10     | Entered Level 10 of the Dungeon
  9868 | D:9      | Reached XP level 10. HP: 58/58 MP: 2/21
  9906 | D:9      | Reached skill level 8 in Spellcasting
 10371 | D:9      | Found a staircase to the Lair.
 10380 | Lair:1   | Entered Level 1 of the Lair of Beasts
 10432 | D:9      | Found Onturch's Weapon Emporium.
 10434 | D:9      | Found a staircase to the Orcish Mines.
 11164 | Lair:1   | Reached skill level 5 in Fighting
 11320 | Lair:1   | Noticed a black mamba
 11325 | Lair:1   | Killed a black mamba
 11906 | Lair:2   | Reached skill level 1 in Shields
 11957 | Lair:2   | Found a hole to the Spider Nest.
 12111 | Lair:2   | Found a staircase to the Swamp.
 12223 | Lair:2   | Noticed a spiny frog
 12234 | Lair:2   | Killed a spiny frog
 12234 | Lair:2   | Offered knowledge of Flame Tongue by Vehumet.
 12234 | Lair:2   | Reached skill level 9 in Spellcasting
 12234 | Lair:2   | Reached XP level 11. HP: 16/64 MP: 18/24
 12237 | Lair:2   | Learned a level 1 spell: Flame Tongue
 12528 | Lair:2   | Reached ** piety under Vehumet
 12531 | Lair:2   | Reached skill level 1 in Fire Magic
 12683 | Lair:2   | Reached skill level 1 in Evocations
 13264 | Lair:3   | Reached skill level 5 in Maces & Flails
 13832 | Lair:3   | Noticed a four-headed hydra
 13934 | Lair:3   | Offered knowledge of Static Discharge by Vehumet.
 14207 | Lair:3   | Killed a four-headed hydra
 14277 | Lair:4   | You fall through a shaft for 2 floors!
 14277 | Lair:6   | Entered Level 6 of the Lair of Beasts
 14300 | Lair:6   | Reached skill level 5 in Dodging
 14413 | Lair:6   | Reached XP level 12. HP: 70/70 MP: 12/25
 14633 | Lair:6   | Reached skill level 10 in Spellcasting
 14657 | Lair:6   | Reached *** piety under Vehumet
 15050 | Lair:6   | Reached skill level 5 in Shields
 15401 | Lair:6   | Noticed a four-headed hydra
 15408 | Lair:6   | Killed a four-headed hydra
 15411 | Lair:6   | Noticed a seven-headed hydra
 15420 | Lair:6   | Killed an eight-headed hydra
 15420 | Lair:6   | Offered knowledge of Olgreb's Toxic Radiance by Vehumet.
 15697 | Lair:5   | Found a staircase to the Slime Pits.
 15893 | Lair:5   | HP: 1/72 [acid (8)]
 15901 | Lair:5   | Slain by an elephant

Skill      XL: |  1  2  3  4  5  6  7  8  9 10 11 12 |
---------------+-------------------------------------+-----
Earth Magic    | 4 5 6 7 8 9 |  9.6
Spellcasting   | 3 4 5 6 7 9 10 | 10.4
Conjurations   | 2 3 4 5 6 7 8 |  8.0
Fighting       | 2 4 5 6 7 |  7.0
Maces & Flails | 2 3 4 5 6 |  6.2
Armour         | 2 3 4 |  4.8
Stealth        | 3 |  3.0
Dodging        | 2 3 4 5 |  5.6
Shields        | 1 4 5 |  5.0
Fire Magic     | 3 4 |  4.2
Evocations     | 2 3 |  3.5
Transmutations | |  0.7

Action                   |  1- 3 |  4- 6 |  7- 9 | 10-12 || total
-------------------------+-------+-------+-------+-------++-------
Melee: Unarmed           |    27 |       |       |       ||    27
       Dagger            |     2 |       |    48 |    34 ||    84
       Short sword       |     9 |    26 |    14 |       ||    49
       Hand axe          |       |       |       |    57 ||    57
 Cast: Sandblast         |    69 |    93 |   321 |   210 ||   693
       Stone Arrow       |       |     7 |    67 |   157 ||   231
       Flame Tongue      |       |       |       |    15 ||    15
Evoke: Wand              |       |       |       |    17 ||    17
  Use: Scroll            |       |       |    14 |     8 ||    22
       Potion            |       |       |       |     3 ||     3
 Stab: Sleeping          |     7 |     1 |     8 |     2 ||    18
  Eat: Chunk             |     2 |     8 |    21 |    17 ||    48
       Pizza             |       |       |       |     1 ||     1
Armor: Robe              |    20 |    31 |    80 |       ||   131
       Leather armour    |       |       |    51 |   132 ||   183
Dodge: Dodged            |    65 |    51 |   164 |   199 ||   479
Block: Buckler           |       |       |    17 |   129 ||   146
